 Dungeon Crawl Stone Soup version 0.28.0-53-g5a82cb258f (webtiles) character file.

Game seed: 11959300670370400924

37200 Plasmagod the Impaler (level 13, 0/117 HPs)
             Began as a Minotaur Fighter on July 24, 2022.
             Was the Champion of Okawaru.
             Slain by an enormous slime creature (65 damage)
             ... in an ice cave.
             The game lasted 00:31:20 (10567 turns).

Plasmagod the Impaler (Minotaur Fighter)           Turns: 10567, Time: 00:31:21

Health: 0/117      AC: 19    Str: 28    XL:     13   Next: 57%
Magic:  9/19       EV: 10    Int:  5    God:    Okawaru [******]
Gold:   1322       SH:  5    Dex: 12    Spells: 12/12 levels left

rFire   x . .      SeeInvis .   t - +11 trident of the Screaming Fox {spect, Str+4}
rCold   + + .      Faith    .   c - +0 buckler
rNeg    . . .      Spirit   .   P - +0 ice dragon scales
rPois   .          Reflect  .   (helmet restricted)
rElec   .          Harm     .   K - +2 cloak {Stlth+}
rCorr   +          Rampage  .   (no gloves)
Will    .....                   C - +0 pair of boots
Stlth   ++........              h - amulet of regeneration
HPRegen 1.09/turn               E - ring of resist corrosion
MPRegen 0.16/turn               (no ring)

@: studying Armour
A: horns 2, retaliatory headbutt
a: Renounce Religion, Heroism, Finesse, Duel


You were in an ice cave.
You worshipped Okawaru.
Okawaru was exalted by your worship.
You visited 1 branch of the dungeon, and saw 14 of its levels.
You also visited: Ice Cave.

You collected 1322 gold pieces.

Inventory:

Hand Weapons
 a - a +1 war axe of draining
 q - the +2 hand axe of Greed {speed, Int+3}
   (Okawaru gifted it to you on level 11 of the Dungeon)

   Attacks with this weapon are significantly faster.
   Int:       It affects your intelligence (+3).
 t - the +11 trident of the Screaming Fox (weapon) {spect, Str+4}
   (You found it on level 4 of the Dungeon)

   When its wielder attacks, the weapon's spirit leaps out and strikes again.
   The spirit shares a part of any damage it takes with its wielder.
   Str:       It affects your strength (+4).
 A - the +8 dagger "Janealur" {speed, Fly rC- Str+4 Int+5}
   (You found it on level 5 of the Dungeon)

   Attacks with this weapon are significantly faster.
   Str:       It affects your strength (+4).
   Int:       It affects your intelligence (+5).
   rC:        It makes you vulnerable to cold.
   Fly:       It grants you flight.
Missiles
 L - 13 javelins (quivered)
Armour
 c - a +0 buckler (worn)
 C - a +0 pair of boots (worn)
 J - a +1 plate armour of poison resistance
 K - a +2 cloak of stealth (worn)
 P - +0 ice dragon scales (worn)
Jewellery
 h - an amulet of regeneration (around neck)
 o - a ring of wizardry
 E - a ring of resist corrosion (left hand)
 N - a ring of ice
Wands
 r - a wand of digging (5)
 v - a wand of acid (12)
 z - a wand of paralysis (12)
 D - a wand of mindburst (13)
 F - a wand of flame (25)
 G - a wand of iceblast (2)
 O - a wand of polymorph (5)
Scrolls
 b - 3 scrolls of blinking
 e - 7 scrolls of teleportation
 g - a scroll of silence
 l - 3 scrolls of magic mapping
 p - 2 scrolls of amnesia
 w - 3 scrolls of identify
 y - a scroll of enchant weapon
 M - 2 scrolls of summoning
Potions
 d - a potion of might
 f - 2 potions of haste
 i - a potion of invisibility {unknown}
 j - 5 potions of lignification
 k - 7 potions of curing
 m - 2 potions of attraction
 n - a potion of degeneration
 s - 2 potions of magic
 u - 4 potions of cancellation
 x - a potion of flight
 B - 2 potions of resistance {unknown}
 H - 3 potions of brilliance
 I - 4 potions of mutation


   Skills:
 + Level 11.8 Fighting
 + Level 7.6(12.5) Axes
 + Level 15.4(16.1) Polearms
 * Level 3.6 Throwing
 + Level 13.8 Armour
 + Level 2.1 Dodging
 + Level 4.4 Stealth
 + Level 6.7 Shields
 * Level 10.6 Invocations
 + Level 0.9 Evocations


You had 12 spell levels left.
You didn't know any spells.
Your spell library contained the following spells:

 Spells                   Type           Power      Damage    Failure   Level
 Beastly Appendage        Tmut           0%         N/A       80%         1
 Ensorcelled Hibernation  Hex/Ice        0%         N/A       90%         2
 Wereblood                Tmut           0%         N/A       90%         2
 Conjure Flame            Conj/Fire      0%         6-21      99%         3
 Ignite Poison            Fire/Tmut/Pois 0%         N/A       99%         3
 Portal Projectile        Hex/Tloc       0%         N/A       99%         3
 Spider Form              Tmut/Pois      0%         N/A       99%         3
 Anguish                  Hex/Necr       0%         N/A       100%        4
 Sticky Flame             Conj/Fire      0%         2d3       100%        4
 Blade Hands              Tmut           0%         N/A       100%        5
 Excruciating Wounds      Necr           0%         N/A       100%        5


Dungeon Overview and Level Annotations

Branches:
Dungeon (14/15)            Temple (0/1) D:6            Lair (0/6) D:9
    Orc (0/2) D:11          IceCv (1/1)
 Vaults: D:13-14

Altars:
Cheibriados
Makhleb
Okawaru
Qazlal
Ru
Uskayaw
Wu Jian
Xom
Beogh


Innate Abilities, Weirdness & Mutations

You have a pair of horns on your head.
You reflexively headbutt those who attack you in melee.


Message History

The quicksilver ooze hits you but does no damage.
The enormous slime creature hits your +11 trident of the Screaming Fox {spect, Str+4}!!!
Your spectral weapon shares its damage with you!
Your +11 trident of the Screaming Fox {spect, Str+4} fades away.
You barely miss the quicksilver ooze.
The enormous slime creature quivers.
Your headbutt misses the quicksilver ooze.
The quicksilver ooze is lightly wounded.
Your +11 trident of the Screaming Fox {spect, Str+4} barely misses the quicksilver ooze.
Your lungs strain for air!
You block the quicksilver ooze's attack.
The quicksilver ooze hits you but does no damage.
You barely miss the quicksilver ooze.
The quicksilver ooze is lightly wounded.
Your +11 trident of the Screaming Fox {spect, Str+4} completely misses the quicksilver ooze.
Your lungs strain for air!
The enormous slime creature closely misses you.
The quicksilver ooze hits you.
The quicksilver ooze hits you but does no damage.
You hit the quicksilver ooze. You headbutt the quicksilver ooze.
The quicksilver ooze is moderately wounded.
Your +11 trident of the Screaming Fox {spect, Str+4} hits the quicksilver ooze from afar!!
Your lungs strain for air!
The quicksilver ooze hits you.
The quicksilver ooze hits you but does no damage.
You block the enormous slime creature's attack.
You miss the quicksilver ooze.
Your headbutt misses the quicksilver ooze.
The quicksilver ooze is heavily wounded.
Your +11 trident of the Screaming Fox {spect, Str+4} hits the quicksilver ooze from afar!
Your lungs strain for air!
You block the quicksilver ooze's attack.
The quicksilver ooze barely misses you.
You impale the quicksilver ooze!!
You kill the quicksilver ooze!
Okawaru is honoured by your kill.
You gasp with relief as air once again reaches your lungs.
The enormous slime creature hits you!!!
Ouch! That really hurt!
You die...

####
#...##
#.....#
......#
.......
##.......
##@J..#
#.ยง.#.#
##..##
#..## #..#
##.## #..#
### #..#
##.####.##


You could see an enormous slime creature.

Vanquished Creatures
  A tengu reaver (D:11)
  A quicksilver ooze (IceCv)
  Snorg (D:13)
  An ice dragon (D:14)
  3 boulder beetles
  2 hydras
  3 centaur warriors (D:13)
  Erica (D:8)
  6 two-headed ogres
  3 death yaks (D:9)
  Urug (D:12)
  5 skeletal warriors (D:12)
  An orc knight (D:14)
  Pikel (D:5)
  2 deep elf pyromancers
  3 cyclopes
  5 ugly things (D:13)
  A manticore (D:12)
  Joseph (D:9)
  4 gargoyles
  Psyche (D:9)
  An entropy weaver simulacrum (IceCv)
  3 unseen horrors
  3 trolls
  A hornet (D:8)
  2 slime creatures (IceCv)
  A meliai zombie (D:10)
  Sigmund (D:5)
  A wraith (D:6)
  A wyvern (D:9)
  A shadow (D:8)
  Grum (D:8)
  A vampire (D:10)
  Eustachio (D:4)
  7 yaks
  A basilisk (D:12)
  11 vampire mosquitoes
  3 acid dragons
  2 water moccasins (D:7)
  10 orc warriors
  An ice beast (D:5)
  4 ogres
  A necrophage (D:5)
  4 wolves (D:8)
  15 centaurs
  A phantom (D:6)
  A kobold brigand (D:7)
  A bullfrog (D:9)
  2 gnoll sergeants
  A wyvern skeleton (D:7)
  15 killer bees
  8 wights
  4 howler monkeys
  An electric eel (D:6)
  11 centaur zombies
  A jelly (D:5)
  3 orc priests
  A centaur skeleton (D:7)
  3 hounds
  3 iron imps (D:4)
  Crazy Yiuf (D:5)
  2 gnoll shamans
  4 orc wizards
  Terence (D:2)
  4 iguanas
  A killer bee zombie (D:7)
  A howler monkey zombie (D:11)
  18 gnolls
  2 adders (D:5)
  A shadow imp (D:5)
  2 ufetubi (D:6)
  54 orcs
  11 ball pythons
  5 endoplasms
  4 giant cockroaches
  4 goblins
  7 hobgoblins
  A jackal (D:2)
  4 quokkas
  5 bats
  3 frilled lizards
  16 kobolds
  5 rats
336 creatures vanquished.

Vanquished Creatures (others)
  A yak (D:9)
  4 toadstools (D:11)
5 creatures vanquished.

Grand Total: 341 creatures vanquished

Notes
Turn   | Place    | Note
-------+----------+-------------------------------------------
     0 | D:1      | Plasmagod the Minotaur Fighter began the quest for the Orb.
     0 | D:1      | Reached XP level 1. HP: 19/19 MP: 0/0
   134 | D:1      | Reached XP level 2. HP: 24/27 MP: 1/1
   727 | D:2      | Reached XP level 3. HP: 33/33 MP: 2/2
   771 | D:2      | Found a faded altar of an unknown god.
   788 | D:2      | Prayed at the altar of an unknown god.
   788 | D:2      | Became a worshipper of Warmaster Okawaru
   788 | D:2      | Reached * piety under Okawaru
  1156 | D:2      | Noticed Terence
  1163 | D:2      | Killed Terence
  1164 | D:2      | Reached XP level 4. HP: 32/40 MP: 3/3
  2084 | D:4      | Found a hide-covered altar of Uskayaw.
  2180 | D:4      | Noticed Eustachio
  2190 | D:4      | Killed Eustachio
  2190 | D:4      | Reached ** piety under Okawaru
  2191 | D:4      | Reached skill level 5 in Axes
  2191 | D:4      | Reached skill level 1 in Invocations
  2191 | D:4      | Reached XP level 5. HP: 40/47 MP: 1/5
  2195 | D:4      | Reached XP level 6. HP: 48/53 MP: 2/6
  2322 | D:4      | Identified the +11 trident of the Screaming Fox {spect,
                  | Str+4}
  2456 | D:4      | Found a burning altar of Makhleb.
  2641 | D:5      | Entered Level 5 of the Dungeon
  2669 | D:5      | Reached skill level 1 in Dodging
  2671 | D:5      | Reached skill level 5 in Armour
  2671 | D:5      | Reached XP level 7. HP: 60/60 MP: 7/7
  2772 | D:5      | Reached skill level 1 in Polearms
  2891 | D:5      | Reached skill level 5 in Fighting
  2988 | D:5      | Reached *** piety under Okawaru
  2989 | D:5      | Reached skill level 2 in Polearms
  3129 | D:5      | Noticed Sigmund
  3136 | D:5      | Killed Sigmund
  3137 | D:5      | Reached XP level 8. HP: 66/68 MP: 9/9
  3301 | D:5      | Identified the +8 dagger "Janealur" {speed, Fly rC- Str+4
                  | Int+5}
  3309 | D:5      | You fall into a shaft and drop 2 floors!
  3314 | D:7      | Reached skill level 3 in Polearms
  3376 | D:7      | Reached skill level 4 in Polearms
  3597 | D:6      | Reached skill level 5 in Polearms
  3885 | D:6      | Found a staircase to the Ecumenical Temple.
  3888 | D:6      | Reached **** piety under Okawaru
  4101 | D:6      | Reached skill level 6 in Polearms
  4135 | D:6      | Reached XP level 9. HP: 75/75 MP: 11/11
  4335 | D:5      | Found a runed translucent door.
  4336 | D:5      | Noticed Crazy Yiuf
  4340 | D:5      | Killed Crazy Yiuf
  4345 | D:5      | Identified the +8 mace of Conservatism {vorpal, Int+6}
  4412 | D:5      | Found an ornate altar of the Wu Jian Council.
  4510 | D:5      | Noticed Pikel
  4515 | D:5      | Killed Pikel
  4516 | D:5      | Reached skill level 7 in Polearms
  4516 | D:5      | Reached skill level 5 in Invocations
  5623 | D:8      | Noticed a troll
  5626 | D:8      | Killed a troll
  5627 | D:8      | Reached skill level 5 in Shields
  5628 | D:8      | Reached skill level 8 in Polearms
  5677 | D:8      | Noticed Grum
  5682 | D:8      | Reached ***** piety under Okawaru
  5683 | D:8      | Reached skill level 1 in Stealth
  5691 | D:8      | Killed Grum
  5847 | D:8      | Noticed Erica
  5859 | D:8      | Killed Erica
  5860 | D:8      | Reached skill level 9 in Polearms
  5860 | D:8      | Reached XP level 10. HP: 14/86 MP: 13/13
  6225 | D:8      | Identified the +3 leather armour of the Yeti {Str+3}
  6238 | D:8      | Paralysed by a hornet for 3 turns
  6579 | D:8      | Received a gift from Okawaru
  6584 | D:8      | Reached skill level 10 in Polearms
  6689 | D:9      | Noticed a two-headed ogre
  6692 | D:9      | Killed a two-headed ogre
  6801 | D:9      | Noticed Joseph
  6814 | D:9      | Killed Joseph
  6852 | D:9      | Noticed a death yak
  6854 | D:9      | Found a staircase to the Lair.
  6854 | D:9      | Noticed a death yak
  6854 | D:9      | Noticed a death yak
  6854 | D:9      | Noticed Psyche
  6859 | D:9      | Killed a death yak
  6865 | D:9      | Killed a death yak
  6866 | D:9      | Reached skill level 11 in Polearms
  6866 | D:9      | Reached XP level 11. HP: 91/95 MP: 15/15
  6902 | D:9      | Killed a death yak
  6909 | D:9      | Killed Psyche
  7055 | D:9      | Found a stormy altar of Qazlal.
  7218 | D:9      | Identified a scroll of acquirement
  7218 | D:9      | Acquired a manual of Armour
  7269 | D:10     | Entered Level 10 of the Dungeon
  7269 | D:10     | Noticed a boulder beetle
  7276 | D:10     | Killed a boulder beetle
  7314 | D:10     | Found a snail-covered altar of Cheibriados.
  7333 | D:10     | Reached ****** piety under Okawaru
  7334 | D:10     | Reached skill level 12 in Polearms
  7365 | D:10     | Reached skill level 10 in Armour
  7487 | D:10     | Found a sacrificial altar of Ru.
  7529 | D:10     | Noticed a two-headed ogre
  7538 | D:10     | Killed a two-headed ogre
  7953 | D:11     | Found a staircase to the Orcish Mines.
  7953 | D:11     | Noticed a six-headed hydra
  7972 | D:11     | Received a gift from Okawaru
  7985 | D:11     | Killed a six-headed hydra
  8091 | D:11     | Reached skill level 13 in Polearms
  8096 | D:11     | Reached XP level 12. HP: 106/106 MP: 17/17
  8113 | D:11     | Noticed a two-headed ogre
  8117 | D:11     | Killed a two-headed ogre
  8125 | D:11     | Noticed a tengu reaver
  8129 | D:11     | Noticed a boulder beetle
  8131 | D:11     | Killed a tengu reaver
  8132 | D:11     | Reached skill level 10 in Fighting
  8135 | D:11     | Received a gift from Okawaru
  8160 | D:11     | Killed a boulder beetle
  8160 | D:11     | Identified the +2 hand axe of Greed {speed, Int+3} (Okawaru
                  | gifted it to you on level 11 of the Dungeon)
  8160 | D:11     | Received a gift from Okawaru
  8167 | D:11     | Noticed a two-headed ogre
  8171 | D:11     | Killed a two-headed ogre
  8729 | D:12     | Noticed a two-headed ogre
  8729 | D:12     | Noticed a two-headed ogre
  8734 | D:12     | Killed a two-headed ogre
  8735 | D:12     | Reached skill level 14 in Polearms
  8738 | D:12     | Killed a two-headed ogre
  8865 | D:12     | Noticed a six-headed hydra
  8870 | D:12     | Killed a six-headed hydra
  8870 | D:12     | Received a gift from Okawaru
  9042 | D:12     | Reached skill level 10 in Invocations
  9312 | D:12     | Reached XP level 13. HP: 116/116 MP: 19/19
  9318 | D:12     | Noticed Urug
  9325 | D:12     | Killed Urug
  9371 | D:13     | Reached skill level 15 in Polearms
  9490 | D:13     | Noticed Snorg
  9498 | D:13     | Killed Snorg
  9498 | D:13     | Received a gift from Okawaru
  9565 | D:13     | Reached skill level 1 in Throwing
  9571 | D:13     | Identified the +7 broad axe of Riurywn {vorpal, Dex+2}
                  | (Okawaru gifted it to you on level 13 of the Dungeon)
  9571 | D:13     | Received a gift from Okawaru
  9607 | D:13     | Found a shimmering altar of Xom.
 10486 | D:14     | Found a frozen archway.
 10503 | IceCv    | Entered an ice cave
 10553 | IceCv    | Received a gift from Okawaru
 10558 | IceCv    | Noticed a quicksilver ooze
 10567 | IceCv    | Killed a quicksilver ooze
 10567 | IceCv    | Slain by an enormous slime creature

Illustrated notes

Levels and vault maps discovered:
D:1:      ncdulo_lavacross, layout_basic
D:2:      layout_basic, nicolae_ecumenical_snake_handling, uniq_terence
D:3:      layout_loops_ring
D:4:      layout_basic, nicolae_uskayaw_murder_on_the_dancefloor, demons_altar,
          uniq_eustachio
D:5:      layout_basic, general_overflow_altar, uniq_sigmund,
          uniq_crazy_yiuf_cottage, uniq_pikel
D:6:      layout_loops_cross, minmay_temple_entry_mist,
          kennysheep_generic_room_16
D:7:      layout_layer_cave
D:8:      layout_loops_corners, special_room [special_room_orc], uniq_erica,
          uniq_grum
D:9:      layout_roguey, nicolae_qazlal_scattered_showers, dpeg_lair_monsters,
          uniq_psyche, uniq_joseph
D:10:     layout_loops_ring, kennysheep_mini_moat,
          mainiacjoe_overflow_small_starburst
D:11:     layout_basic, david_orc_3, minmay_gold_behind_fungi, nzn_random_ring
D:12:     layout_irregular_city, uniq_urug
D:13:     layout_irregular_city, tgw_xom, uniq_snorg
D:14:     layout_roguey, skrybe_vaults_entry_preservation,
          portal_ice_cave_entry_dragon, special_room [special_room_orc],
          chequers_serial_rivers_large_a, einodemon_barbed_minivault
IceCv:    ice_cave_hellmonk_azure_passage

Skill      XL: |  1  2  3  4  5  6  7  8  9 10 11 12 13 |
---------------+----------------------------------------+-----
Armour         | 4 5 6 7 9 11 12 13 | 13.8
Axes           | 3 5 6 7 |  7.6
Fighting       | 4 5 6 7 8 9 11 | 11.8
Shields        | 4 5 6 |  6.7
Invocations    | 1 2 3 4 6 7 8 10 | 10.6
Dodging        | 1 2 |  2.1
Polearms       | 2 6 9 11 13 14 15 | 15.4
Stealth        | 1 2 3 4 |  4.4
Throwing       | 3 |  3.6
Evocations     | |  0.9

Action                   |  1- 3 |  4- 6 |  7- 9 | 10-12 | 13-15 || total
-------------------------+-------+-------+-------+-------+-------++-------
Melee: War axe           |    70 |    62 |       |       |       ||   132
       Headbutt          |     6 |    11 |     8 |    45 |    13 ||    83
       Trident           |       |    12 |   110 |   280 |   138 ||   540
Throw: Javelin           |       |       |       |       |    28 ||    28
Invok: Heroism           |       |     1 |       |     2 |     3 ||     6
       Finesse           |       |       |       |     1 |     3 ||     4
Evoke: Wand              |       |       |       |     2 |       ||     2
  Use: Potion            |       |       |     1 |       |     1 ||     2
       Scroll            |       |       |       |    21 |       ||    21
 Stab: Distracted        |       |       |       |     6 |     3 ||     9
       Sleeping          |       |       |       |       |     1 ||     1
Armor: Scale mail        |    32 |     7 |       |       |       ||    39
       Chain mail        |       |    21 |    23 |    13 |       ||    57
       Plate armour      |       |       |       |    66 |    31 ||    97
       Ice dragon scales |       |       |       |       |     4 ||     4
Dodge: Dodged            |    32 |    14 |    34 |    30 |    22 ||   132
Block: Buckler           |    16 |    14 |     6 |    23 |    22 ||    81
